 Dungeon Crawl Stone Soup version 0.23.0-41-g86b089e62c (webtiles) character file.

Game seed: 6792492627135479907

64 Deemzul the Insei (level 4, -1/29 HPs)
             Began as an Octopode Transmuter on Feb 28, 2019.
             Slain by a gnoll
             ... wielding a +0 club
              (7 damage)
             ... on level 2 of the Dungeon.
             The game lasted 00:02:08 (1358 turns).

Deemzul the Insei (Octopode Transmuter)             Turns: 1358, Time: 00:02:09

Health: -1/29      AC:  1    Str:  9    XL:     4   Next: 12%
Magic:  6/7        EV: 13    Int: 15    God:
Gold:   42         SH:  0    Dex: 13    Spells: 6/7 levels left

rFire    . . .     SeeInvis .     - Unarmed
rCold    . . .     Gourm    .   (no shield)
rNeg     . . .     Faith    .   (helmet restricted)
rPois    .         Spirit   .   (no amulet)
rElec    .         Reflect  .   (no ring)
rCorr    .         Harm     .   (no ring)
MR       .....                  (no ring)
Stlth    +++.......             (no ring)
HPRegen  0.09/turn              (no ring)
MPRegen  0.10/turn              (no ring)
                                (no ring)
                                (no ring)

@: appendage
A: almost no armour, stealthy swim, amphibious, 8 rings, constrict 8, tentacle
spike 3, camouflage 1, gelatinous body 1
a: End Transformation


You were on level 2 of the Dungeon.
You were hungry.
One of your tentacles had a temporary spike.
You visited 1 branch of the dungeon, and saw 2 of its levels.

You collected 42 gold pieces.

Inventory:

Hand Weapons
 h - a +0 spear
Missiles
 a - 12 arrows
Scrolls
 b - a scroll of random uselessness {unknown}
 e - a scroll of fear {unknown}
 f - a scroll of identify {unknown}
Potions
 d - a potion of haste {unknown}
Comestibles
 c - a ration


   Skills:
 * Level 2.1 Fighting
 + Level 2.3 Dodging
 + Level 1.4 Stealth
 * Level 3.5 Unarmed Combat
 + Level 2.2 Spellcasting
 + Level 2.4 Transmutations


You had 6 spell levels left.
You knew the following spells:

 Your Spells              Type           Power        Failure   Level  Hunger
a - Beastly Appendage     Tmut           #.....       9%          1    #......

Your spell library contained the following spells:

 Spells                   Type           Power        Failure   Level  Hunger
 Sticks to Snakes         Tmut           #.......     12%         2    ###....
 Spider Form              Tmut/Pois      #.........   36%         3    ###....
 Ice Form                 Ice/Tmut       #.......     78%         4    #####..
 Blade Hands              Tmut           #.........   92%         5    ######.


Dungeon Overview and Level Annotations

Branches:
Dungeon (2/15)

Altars:
Yredelemnul


Innate Abilities, Weirdness & Mutations

You cannot wear most types of armour.
You are very stealthy in the water. (Stealth+)
You are amphibious.
You can wear up to eight rings at the same time.
You can use your tentacles to constrict eight enemies at once.
Your skin changes colour to match your surroundings (Stealth+).
Your rubbery body absorbs attacks. (AC +1, EV +1)
One of your tentacles bears a large vicious spike.


Message History

The worm is heavily wounded.
You constrict the worm.
Unknown command.
You tentacle-slap the worm.
The worm is severely wounded.
You constrict the worm. The worm bites you but does no damage.
Casting: Beastly Appendage (safe; 9% risk of failure)
Confirm with . or Enter, or press ? or * to list all spells.
One of your tentacles grows a vicious spike.
You constrict the worm.
You tentacle-slap the worm but do no damage.
You pierce the worm.
The worm is almost dead.
You constrict the worm.
You kill the worm!
You tentacle-slap the gnoll but do no damage.
You grab the gnoll. You squeeze the gnoll.
The gnoll is moderately wounded.
You constrict the gnoll. The gnoll hits you with a +0 club!
You die...

.. ..#
####.###
#......#####
#......#...
#........#
#.......#
#.......#
#@g.)..##
#.^.)..###..#
#..........#
#......##.....
#......# .#..
#######.. ..
.P. .. .._ .
.P.P


You could see a gnoll.

Vanquished Creatures
  3 gnolls (D:2)
  An ooze (D:1)
  A worm (D:2)
  2 dart slugs
  3 giant cockroaches
  A goblin (D:1)
  4 hobgoblins (D:1)
  3 jackals (D:1)
  2 kobolds (D:1)
  2 bats (D:1)
  A frilled lizard (D:1)
  2 rats (D:1)
25 creatures vanquished.

Notes
Turn   | Place    | Note
-------+----------+-------------------------------------------
     0 | D:1      | Deemzul the Octopode Transmuter began the quest for the
                  | Orb.
     0 | D:1      | Reached XP level 1. HP: 13/13 MP: 3/3
    76 | D:1      | Reached XP level 2. HP: 11/18 MP: 5/5
   708 | D:1      | Reached XP level 3. HP: 23/23 MP: 4/6
  1071 | D:2      | Reached skill level 1 in Stealth
  1072 | D:2      | Found a basalt altar of Yredelemnul.
  1223 | D:2      | Reached XP level 4. HP: 13/29 MP: 5/7
  1358 | D:2      | Slain by a gnoll

Skill      XL: |  1  2  3 |
---------------+----------+-----
Stealth        | 1 |  1.4
Fighting       | 2 |  2.1
Dodging        | |  2.3
Unarmed Combat | |  3.5
Spellcasting   | |  2.2
Transmutations | |  2.4

Action                   |  1- 3 |  4- 6 || total
-------------------------+-------+-------++-------
Melee: Unarmed           |    59 |     8 ||    67
       Constrict         |    18 |     2 ||    20
       Tentacles         |     7 |     2 ||     9
       Kick              |     7 |     1 ||     8
       Punch             |     1 |       ||     1
 Cast: Beastly Appendage |     9 |     1 ||    10
 Stab: Sleeping          |     2 |       ||     2
  Eat: Chunk             |     1 |       ||     1
Armor: Skin              |     4 |     1 ||     5
Dodge: Dodged            |    31 |     1 ||    32
